 Dungeon Crawl Stone Soup version 0.28-a0-728-g0181a31188 (webtiles) character file.

Game seed: 14973339341432248057

655 Ijustatesigmund the Covert (level 7, -2/60 HPs)
             Began as a Gnoll Delver on Oct 28, 2021.
             Slain by a phantom (8 damage)
             ... on level 6 of the Dungeon.
             The game lasted 00:07:26 (2554 turns).

Ijustatesigmund the Covert (Gnoll Delver)           Turns: 2554, Time: 00:07:27

Health: -2/60      AC:  6    Str: 11    XL:     7   Next: 54%
Magic:  10/10      EV: 13    Int: 11    God:
Gold:   122        SH:  0    Dex: 14    Spells: 11/11 levels left

rFire   + . .      SeeInvis .   k - +5 dagger
rCold   . . .      Faith    .   (no shield)
rNeg    . . .      Spirit   .   b - +1 leather armour {rF+}
rPois   .          Reflect  .   (no helmet)
rElec   .          Harm     .   f - +0 cloak
rCorr   .          Rampage  .   (no gloves)
Will    .....                   i - +0 pair of boots
Stlth   ++++......              (no amulet)
HPRegen 0.20/turn               (no ring)
MPRegen 0.12/turn               (no ring)

@: no status effects
A: fangs 1, strong nose, distributed training
a: no special abilities


You were on level 6 of the Dungeon.
You visited 1 branch of the dungeon, and saw 6 of its levels.

You collected 122 gold pieces.

Inventory:

Hand Weapons
 a - a +0 hand axe
 k - a +5 dagger (weapon)
Missiles
 j - 4 silver javelins (quivered)
Armour
 b - a +1 leather armour of fire resistance (worn)
 f - a +0 cloak (worn)
 i - a +0 pair of boots (worn)
 l - a +2 robe of the Archmagi
Wands
 g - a wand of digging (3)
 h - a wand of flame (8)
Scrolls
 d - a scroll of magic mapping


   Skills:
 + Level 7.1 Fighting
 + Level 2.5 Short Blades
 + Level 2.5 Long Blades
 + Level 5.3 Axes
 + Level 2.5 Maces & Flails
 + Level 2.5 Polearms
 + Level 2.5 Staves
 + Level 2.5 Slings
 + Level 2.5 Bows
 + Level 2.5 Crossbows
 + Level 2.5 Throwing
 + Level 2.5 Armour
 + Level 5.3 Dodging
 + Level 9.9 Stealth
 + Level 2.5 Shields
 + Level 2.5 Unarmed Combat
 + Level 2.5 Spellcasting
 + Level 2.1 Conjurations
 + Level 2.1 Hexes
 + Level 2.1 Summonings
 + Level 2.1 Necromancy
 + Level 2.1 Translocations
 + Level 2.1 Transmutations
 + Level 2.1 Fire Magic
 + Level 2.1 Ice Magic
 + Level 2.1 Air Magic
 + Level 2.1 Earth Magic
 + Level 2.1 Poison Magic
 + Level 2.8 Invocations
 + Level 2.5 Evocations


You had 11 spell levels left.
You didn't know any spells.
Your spell library contained the following spells:

 Spells                   Type           Power      Damage    Failure   Level
 Summon Small Mammal      Summ           24%        N/A       16%         1
 Slow                     Hex            6%         N/A       22%         2
 Call Canine Familiar     Summ           6%         N/A       41%         3
 Confusing Touch          Hex            6%         N/A       41%         3
 Summon Guardian Golem    Hex/Summ       6%         N/A       41%         3
 Yara's Violent Unravell  Hex/Tmut       3%         3d4       99%         5


Dungeon Overview and Level Annotations

Branches:
Dungeon (7/15)
 Temple: D:4-7

Altars:
Elyvilon
Makhleb
Qazlal
Trog

Shops:
D:2 ?

Annotations:
D:4 Eustachio


Innate Abilities, Weirdness & Mutations

You have very sharp teeth.
Your uncanny sense of smell can sniff out nearby items.
Your experience applies equally to all skills.


Message History

The puff of frost hits you.
* * * LOW HITPOINT WARNING * * *
The phantom hits you but does no damage.
The orc closely misses you.
Things that are here:
a +0 giant club; a potion of curing; an ogre corpse
As you read the scroll of fog, it crumbles to dust.
The scroll dissolves into smoke.
The phantom hits you but does no damage.
The orc closely misses you. The orc misses you.
The orc warrior barely misses you.
Found 7 gold pieces.
The phantom closely misses you.
Throw: 5 javelins (silver)
Press: ? - help, Q - select action, (/) - cycle Shift-Dir - straight line, f - phantom
Aim: a phantom (lightly damaged, 53% to hit)
You throw a silver javelin.
The silver javelin pierces through the phantom.
The phantom is lightly damaged.
The silver javelin pierces through the orc warrior but does no damage.
The orc warrior is lightly wounded.
The phantom hits you.
* * * LOW HITPOINT WARNING * * *
The phantom blinks!
You blink.
Found a ring mail.
The phantom barely misses you.
You closely miss the phantom. Your bite misses the phantom.
The phantom is lightly damaged.
The phantom closely misses you.
You hit the phantom but do no damage.
The phantom is lightly damaged.
You aren't carrying any potions.
You hit the phantom.
The phantom is moderately damaged.
The phantom hits you but does no damage.
You hit the phantom.
The phantom is moderately damaged.
The phantom hits you but does no damage.
You hit the phantom.
The phantom is heavily damaged.
The phantom hits you!
You die...

####
#######...#
#.........#
#[...@....#
#.....W...#
#......$###
#.........
#######o###
#o# #.#
#5##
#######§§§∆
.


You could see an orc warrior, a phantom, a white imp and an orc.

Vanquished Creatures
  An ogre (D:6)
  2 bullfrogs (D:7)
  A wyvern zombie (D:7)
  A scorpion (D:2)
  2 hounds
  An orc priest (D:7)
  Jessica (D:2)
  An iguana (D:7)
  An orc wizard (D:7)
  A hound skeleton (D:4)
  A howler monkey skeleton (D:7)
  7 adders
  5 worms
  8 orcs
  3 endoplasms (D:3)
  A giant cockroach (D:4)
  3 goblins (D:2)
  5 hobgoblins
  4 jackals (D:2)
  2 kobolds
  4 quokkas
  2 bats
  A frilled lizard (D:2)
  2 rats
60 creatures vanquished.

Notes
Turn   | Place    | Note
-------+----------+-------------------------------------------
     0 | D:5      | Reached skill level 9 in Stealth
     0 | D:5      | Ijustatesigmund the Gnoll Delver began the quest for the
                  | Orb.
     0 | D:5      | Reached XP level 1. HP: 23/23 MP: 1/1
    54 | D:4      | Noticed Eustachio
    59 | D:5      | Noticed a hound
   137 | D:5      | Noticed an ice beast
   171 | D:4      | Found a stormy altar of Qazlal.
   224 | D:2      | Reached XP level 2. HP: 28/29 MP: 2/2
   495 | D:2      | Noticed Jessica
   503 | D:2      | Killed Jessica
   504 | D:2      | Reached skill level 1 in Invocations
   504 | D:2      | Reached XP level 3. HP: 35/35 MP: 2/4
   507 | D:2      | Reached skill level 1 in Short Blades
   507 | D:2      | Reached skill level 1 in Long Blades
   507 | D:2      | Reached skill level 1 in Maces & Flails
   507 | D:2      | Reached skill level 1 in Polearms
   507 | D:2      | Reached skill level 1 in Staves
   507 | D:2      | Reached skill level 1 in Slings
   507 | D:2      | Reached skill level 1 in Bows
   507 | D:2      | Reached skill level 1 in Crossbows
   507 | D:2      | Reached skill level 1 in Throwing
   507 | D:2      | Reached skill level 1 in Armour
   507 | D:2      | Reached skill level 1 in Shields
   507 | D:2      | Reached skill level 1 in Unarmed Combat
   507 | D:2      | Reached skill level 1 in Spellcasting
   507 | D:2      | Reached skill level 1 in Evocations
   561 | D:2      | Reached XP level 4. HP: 41/41 MP: 5/5
   578 | D:2      | Found Gooxawk's Magic Scroll Shoppe.
   831 | D:2      | Noticed a scorpion
  1159 | D:2      | Killed a scorpion
  1160 | D:2      | Reached skill level 1 in Conjurations
  1160 | D:2      | Reached skill level 1 in Hexes
  1160 | D:2      | Reached skill level 1 in Summonings
  1160 | D:2      | Reached skill level 1 in Necromancy
  1160 | D:2      | Reached skill level 1 in Translocations
  1160 | D:2      | Reached skill level 1 in Transmutations
  1160 | D:2      | Reached skill level 1 in Fire Magic
  1160 | D:2      | Reached skill level 1 in Ice Magic
  1160 | D:2      | Reached skill level 1 in Air Magic
  1160 | D:2      | Reached skill level 1 in Earth Magic
  1160 | D:2      | Reached skill level 1 in Poison Magic
  1160 | D:2      | Reached XP level 5. HP: 27/47 MP: 5/7
  1915 | D:3      | Found a bloodstained altar of Trog.
  1953 | D:3      | Found a white marble altar of Elyvilon.
  2116 | D:4      | Reached XP level 6. HP: 53/53 MP: 8/8
  2173 | D:4      | You fall into a shaft and drop 3 floors!
  2173 | D:7      | Found a burning altar of Makhleb.
  2410 | D:7      | Reached skill level 5 in Axes
  2410 | D:7      | Reached skill level 5 in Dodging
  2501 | D:7      | Reached XP level 7. HP: 59/59 MP: 10/10
  2554 | D:6      | Slain by a phantom

Illustrated notes

Levels and vault maps discovered:
D:2:      layout_loops_cross, serial_shops, nicolae_shop_waterfront,
          kennysheep_generic_room_2, uniq_jessica
D:3:      layout_rooms, trog_three_pillars_becter,
          mainiacjoe_overflow_tiny_flanked
D:4:      layout_cave_pools, grunt_qazlal_sundering,
          nicolae_uskayaw_murder_on_the_dancefloor, minmay_cupped,
          uniq_eustachio
D:5:      layout_basic, nicolae_ashenzari_panopticon
D:6:      layout_basic, grunt_decor_cap
D:7:      layout_loops_ring, riverfiend_overflow_shadow_ancestor,
          mainiacjoe_overflow_chevrons, temple_pool_b

Skill      XL: |  1  2  3  4  5  6  7 |
---------------+----------------------+-----
Stealth        | |  9.9
Invocations    | 1 2 |  2.8
Short Blades   | 1 2 |  2.5
Long Blades    | 1 2 |  2.5
Maces & Flails | 1 2 |  2.5
Polearms       | 1 2 |  2.5
Staves         | 1 2 |  2.5
Slings         | 1 2 |  2.5
Bows           | 1 2 |  2.5
Crossbows      | 1 2 |  2.5
Throwing       | 1 2 |  2.5
Armour         | 1 2 |  2.5
Shields        | 1 2 |  2.5
Unarmed Combat | 1 2 |  2.5
Spellcasting   | 1 2 |  2.5
Evocations     | 1 2 |  2.5
Conjurations   | 1 2 |  2.1
Hexes          | 1 2 |  2.1
Summonings     | 1 2 |  2.1
Necromancy     | 1 2 |  2.1
Translocations | 1 2 |  2.1
Transmutations | 1 2 |  2.1
Fire Magic     | 1 2 |  2.1
Ice Magic      | 1 2 |  2.1
Air Magic      | 1 2 |  2.1
Earth Magic    | 1 2 |  2.1
Poison Magic   | 1 2 |  2.1
Axes           | 5 |  5.3
Dodging        | 5 |  5.3
Fighting       | 7 |  7.1

Action                   |  1- 3 |  4- 6 |  7- 9 || total
-------------------------+-------+-------+-------++-------
Melee: Hand axe          |    35 |    22 |       ||    57
       Bite              |     2 |     7 |       ||     9
       Dagger            |       |    93 |    11 ||   104
Throw: Javelin           |     1 |       |     1 ||     2
Evoke: Wand              |     3 |     3 |       ||     6
  Use: Potion            |     1 |       |     2 ||     3
       Scroll            |       |     5 |     1 ||     6
 Stab: Sleeping          |     5 |    17 |     2 ||    24
       Distracted        |       |     1 |     1 ||     2
Armor: Leather armour    |    16 |    22 |     5 ||    43
Dodge: Dodged            |    19 |    79 |    18 ||   116

Table legend: (Time is in decaauts)
 A = Elapsed time spent in this place.
 B = Non-inter-level travel time spent in this place.
 C = Inter-level travel time spent in this place.
 D = Time resting spent in this place.
 E = Time spent auto-exploring this place.
 F = Levels seen in this place.
 G = Mean time per level.
                   A        B        C        D        E       F      G
               +--------+--------+--------+--------+--------+-----+--------+
         Total |   2533 |   2496 |     37 |    690 |   1113 |   6 |  422.2 |
       Dungeon |   2533 |   2496 |     37 |    690 |   1113 |   6 |  422.2 |
               +--------+--------+--------+--------+--------+-----+--------+

Top non-repeatable levels by time:
     D:2: 1471 daAuts
     D:3: 452 daAuts
     D:7: 361 daAuts
     D:5: 144 daAuts
     D:4: 87 daAuts
     D:6: 15 daAuts
